 Dungeon Sprint DCSS version 0.30-a0-953-g5f1da4a474 (webtiles) character file.

Game seed: 17902580499092486667

1218 BigDaddyOpFi the Armataur Aeon (level 8, -21/78 HPs)
             Began as an Armataur Fighter on Mar 28, 2023.
             Was the Champion of Cheibriados.
             Demolished by a snapping turtle (24 damage)
             ... in the Dungeon (Sprint VII: "The Pits").
             The game lasted 00:01:11 (1280 turns).

BigDaddyOpFi the Armataur Aeon (Armataur Fighter)   Turns: 1280, Time: 00:01:12

Health: -21/78     AC: 13    Str: 39    XL:     8   Next: 22%
Magic:  8/15       EV:  7    Int: 23    God:    Cheibriados [******]
Gold:   0          SH:  8    Dex: 25    Spells: 7/7 levels left

rFire   . . .      SeeInvis .    a - +0 war axe
rCold   . . .      Faith    .    c - +0 buckler
rNeg    . . .      Spirit   .    l - +3 chain mail
rPois   .          Reflect  .    (no helmet)
rElec   .          Roll     +    (no cloak)
rCorr   .          NoTele   +    (no gloves)
Will    .....                    (no barding) Stlth
                                 (no amulet)
HPRegen 0.33/turn                (no ring)
MPRegen 0.14/turn                (no ring)

@: very slow
A: large, rugged brown scales 3, deformed body, armoured tail, roll, long
tongue, awkward tongue
a: Renounce Religion, Bend Time, Temporal Distortion, Slouch, Step From Time


You were in the Dungeon.
You worshipped Cheibriados.
Cheibriados was exalted by your worship.
You visited 1 branch

Inventory:

Hand Weapons
 a - a +0 war axe (weapon)
Armour
 c - a +0 buckler (worn)
 l - a +3 chain mail (worn)
Scrolls
 j - a scroll of blinking
Potions
 e - 5 potions of curing
 f - 5 potions of heal wounds
 g - a potion of haste
 h - 4 potions of magic
 i - 3 potions of berserk rage
 k - 2 potions of invisibility


   Skills:
 + Level 7.4 Fighting
 + Level 6.4 Axes
 + Level 9.8 Armour
 + Level 9.1 Shields
 * Level 10.3 Invocations


You had 7 spell levels left.
You didn't know any spells.
Your spell library was empty.

Dungeon Overview and Level Annotations

Branches:
Dungeon (1/1)

Altars:
Ashenzari
Cheibriados
Dithmenos
Elyvilon
Fedhas
Gozag
Hepliaklqana
Kikubaaqudgha
Makhleb
Nemelex Xobeh
Okawaru
Qazlal
Ru
Sif Muna
Trog
Uskayaw
Vehumet
Wu Jian
Xom
Yredelemnul
Zin
The Shining One
Jiyva
Lugonu


Innate Abilities, Weirdness & Mutations

You are completely covered in rugged brown scales. (AC +3, +7% HP)
Armour fits poorly on your strangely shaped body.
You have a long armoured tail.
You roll when moving toward enemies. (Rampage)
Your long tongue fully drains potion bottles. (2x potion effects)
Your tongue gives you trouble enunciating. (1.5x scroll delay)


Message History

You see here a bullfrog corpse.
You start resting.
HP restored.
You open the door.
A jelly, a snapping turtle and an acid dragon come into view.
The jelly quivers.
The snapping turtle hisses angrily.
The acid dragon spits acid at you. The splash of acid hits you!!
Activating: Slouch (1% risk of failure)
Press: ? - help, Dir - look around, f - activate You can feel time thicken for a moment.
You kill the jelly!
Cheibriados appreciates the change of pace.
The flow of time bends around you.
You roll towards the acid dragon!
You hit the acid dragon.
The acid dragon is almost dead.
You block the acid dragon's attack.
The acid dragon claws you but does no damage.
The snapping turtle bites you from afar!
You block the acid dragon's attack. The acid dragon completely misses you.
The snapping turtle barely misses you.
You hit the acid dragon.
The acid dragon is almost dead.
The acid dragon spits acid at you. The splash of acid hits you!
The snapping turtle barely misses you.
You closely miss the acid dragon.
The acid dragon is almost dead.
The acid dragon bites you but does no damage.
You block the acid dragon's attack.
The snapping turtle bites you from afar.
* * * LOW HITPOINT WARNING * * *
You barely miss the acid dragon.
You tail-slap the acid dragon, but do no damage.
The acid dragon is almost dead.
The acid dragon completely misses you. You block the acid dragon's attack.
The snapping turtle bites you from afar!!
* * * LOW HITPOINT WARNING * * *
The snapping turtle bites you from afar!!
You die...

#.##'#.....##...<...#
#.#........##.......#
#)#........##.......#
#)###########.......#
#.).....#.. #########
#)###...#.######
#.#.....#.#....#
#.#...#.#†#....#
#.....#.#.@Dt..+
#...###.#'#....#
#.......'.#....#
################


You could see a snapping turtle and an acid dragon (catching breath).

Vanquished Creatures
  A manticore (D)
  A flying skull (D)
  A sky beast (D)
  A phantom (D)
  A bullfrog (D)
  4 wights (D)
  A crimson imp (D)
  A hound (D)
  Crazy Yiuf (D)
  A gnoll bouda (D)
  A jelly (D)
  An iguana (D)
  4 gnolls (D)
  2 adders (D)
  A white imp (D)
  2 ufetubi (D)
  A bat (D)
  An endoplasm (D)
  A hobgoblin (D)
  A frilled lizard (D)
28 creatures vanquished.

Notes
Turn   | Place    | Note
-------+----------+-------------------------------------------
     0 | D        | BigDaddyOpFi the Armataur Fighter began the quest for the
                  | Orb.
     0 | D        | Reached XP level 1. HP: 19/19 MP: 1/1
    12 | D        | Reached XP level 2. HP: 26/27 MP: 2/2
    16 | D        | Found a bloodstained altar of Trog.
    16 | D        | Found a shimmering blue altar of Sif Muna.
    16 | D        | Found a viscous altar of Jiyva.
    16 | D        | Found a hazy altar of Hepliaklqana.
    16 | D        | Found an opulent altar of Gozag.
    17 | D        | Found a glowing golden altar of the Shining One.
    17 | D        | Found a glowing silver altar of Zin.
    17 | D        | Found a basalt altar of Yredelemnul.
    17 | D        | Found a shimmering altar of Xom.
    17 | D        | Found an ornate altar of the Wu Jian Council.
    17 | D        | Found a sacrificial altar of Ru.
    17 | D        | Found a stormy altar of Qazlal.
    17 | D        | Found an iron altar of Okawaru.
    17 | D        | Found a sparkling altar of Nemelex Xobeh.
    17 | D        | Found a burning altar of Makhleb.
    17 | D        | Found a blossoming altar of Fedhas.
    17 | D        | Found a white marble altar of Elyvilon.
    17 | D        | Found a shadowy altar of Dithmenos.
    17 | D        | Found a snail-covered altar of Cheibriados.
    18 | D        | Found a radiant altar of Vehumet.
    18 | D        | Found a corrupted altar of Lugonu.
    19 | D        | Found an ancient bone altar of Kikubaaqudgha.
    19 | D        | Found a hide-covered altar of Uskayaw.
    19 | D        | Found a broken altar of Ashenzari.
    26 | D        | Became a worshipper of Cheibriados the Contemplative
    63 | D        | Reached * piety under Cheibriados
    64 | D        | Reached skill level 1 in Invocations
   201 | D        | Reached ** piety under Cheibriados
   489 | D        | Noticed a phantom
   496 | D        | Reached skill level 5 in Armour
   496 | D        | Reached skill level 2 in Invocations
   496 | D        | Reached XP level 3. HP: 26/35 MP: 4/4
   498 | D        | Reached *** piety under Cheibriados
   507 | D        | Killed a phantom
   508 | D        | Reached skill level 5 in Shields
   508 | D        | Reached skill level 4 in Invocations
   508 | D        | Reached XP level 4. HP: 26/43 MP: 4/7
   690 | D        | Noticed a flying skull
   690 | D        | Noticed Crazy Yiuf
   693 | D        | Noticed a sky beast
   702 | D        | Reached **** piety under Cheibriados
   703 | D        | Reached skill level 5 in Invocations
   703 | D        | Reached XP level 5. HP: 35/50 MP: 7/9
   713 | D        | Killed a flying skull
   714 | D        | Reached skill level 5 in Fighting
   714 | D        | Reached skill level 7 in Invocations
   714 | D        | Reached XP level 6. HP: 58/60 MP: 8/11
   717 | D        | Reached ***** piety under Cheibriados
   718 | D        | Reached skill level 5 in Axes
   720 | D        | Killed Crazy Yiuf
   721 | D        | Reached skill level 8 in Invocations
   721 | D        | Reached XP level 7. HP: 34/67 MP: 4/13
   731 | D        | Reached skill level 9 in Invocations
   969 | D        | Reached ****** piety under Cheibriados
   972 | D        | Noticed a manticore
   978 | D        | Killed a manticore
   979 | D        | Reached skill level 10 in Invocations
   979 | D        | Reached XP level 8. HP: 26/78 MP: 13/15
  1274 | D        | Noticed a snapping turtle
  1280 | D        | HP: 3/78 [snapping turtle (20)]
  1280 | D        | Demolished by a snapping turtle

Illustrated notes

Levels and vault maps discovered:
D:        pitsprint [storerooms_1, entrance_room_1, metal_vault_4, armoury_1,
          mini_pit_1, grid_room_1, main_hall_1, silver_pit, the_coven_3,
          the_vestibule_1, steel_vault_3, golden_pit, hallway_of_sentries,
          crystal_vault_5, iron_vault_2, final_vault]

Skill      XL: |  1  2  3  4  5  6  7  8 |
---------------+-------------------------+-----
Fighting       | 3 4 5 6 7 |  7.4
Axes           | 2 3 4 5 6 |  6.4
Armour         | 4 5 6 7 8 9 |  9.8
Shields        | 4 5 7 8 9 |  9.1
Invocations    | 2 4 5 7 8 10 | 10.3

Action                     |  1- 3 |  4- 6 |  7- 9 || total
---------------------------+-------+-------+-------++-------
  Melee: War axe           |    32 |    23 |    43 ||    98
         Tailslap          |     1 |     4 |     4 ||     9
 Invoke: Slouch            |       |     1 |     1 ||     2
         Bend Time         |       |       |     1 ||     1
    Use: Potion            |     1 |     2 |       ||     3
 Armour: Scale mail        |    25 |       |       ||    25
         Chain mail        |       |    19 |    13 ||    32
  Dodge: Dodged            |    12 |     7 |    15 ||    34
  Block: Buckler           |    11 |    15 |    18 ||    44

Table legend: (Time is in decaauts)
 A = Elapsed time spent in this place.
 B = Non-inter-level travel time spent in this place.
 C = Inter-level travel time spent in this place.
 D = Time resting spent in this place.
 E = Time spent auto-exploring this place.
 F = Levels seen in this place.
 G = Mean time per level.
                   A        B        C        D        E       F      G
               +--------+--------+--------+--------+--------+-----+--------+
         Total |   1372 |   1338 |     34 |   1028 |      0 |   1 | 1372.0 |
       Dungeon |   1372 |   1338 |     34 |   1028 |      0 |   1 | 1372.0 |
               +--------+--------+--------+--------+--------+-----+--------+

Top non-repeatable levels by time:
       D: 1372 daAuts
